 Dungeon Crawl Stone Soup version 0.28-a0-128-gcbb86046cc (webtiles) character file.

Game seed: 12911569248197689859

9991 siradein the Basher (level 11, -2/93 HPs)
             Began as a Troll Fighter on Aug 16, 2021.
             Was a Believer of Ru.
             Killed from afar by a gargoyle (21 damage)
             ... with a stone arrow
             ... on level 10 of the Dungeon.
             The game lasted 00:38:41 (10660 turns).

siradein the Basher (Troll Fighter)                Turns: 10660, Time: 00:38:42

Health: -2/93      AC: 17    Str: 29    XL:     11   Next: 30%
Magic:  10/10      EV: 21    Int:  8    God:    Ru [**....]
Gold:   554        SH:  9    Dex:  9    Spells: 10/10 levels left

rFire   . . .      SeeInvis .   B - +4 flail (protect)
rCold   . . .      Faith    .   c - +0 kite shield
rNeg    + . .      Spirit   .   I - +0 acid dragon scales
rPois   .          Reflect  .   (helmet restricted)
rElec   .          Harm     .   F - +1 cloak
rCorr   +          Rampage  .   (gloves unavailable)
Will    .....      Rnd*Tele +   (boots unavailable)
Stlth   +.........              A - amulet of the acrobat
HPRegen 1.25/turn               g - ring of flight
MPRegen 0.12/turn               G - ring "Demaogis" {rN+ Int+6}

@: under a protective aura, acrobatic, flying
A: large, unfitting armour, claws 3, regeneration 1, shaggy fur 1, tough skin 1,
inability to train dodging, unskilled 1, dopey 1, teleportitis 1, no potion heal
1
a: Renounce Religion


You were on level 10 of the Dungeon.
You worshipped Ru.
Ru was pleased with you.
You visited 2 branches of the dungeon, and saw 12 of its levels.
You also visited: Ossuary.

You collected 554 gold pieces.

Inventory:

Hand Weapons
 e - a +0 whip of holy wrath
 B - a +4 flail of protection (weapon)
Armour
 c - a +0 kite shield (worn)
 F - a +1 cloak (worn)
 I - +0 acid dragon scales (worn)
 O - a +0 troll leather armour
Jewellery
 g - a ring of flight (left claw)
 m - a ring of protection from cold
 u - a ring of positive energy
 A - an amulet of the acrobat (around neck)
 G - the ring "Demaogis" (right claw) {rN+ Int+6}
   (You found it on level 8 of the Dungeon)

   [ring of intelligence]

   Int:       It affects your intelligence (+6).
   rN:        It protects you from negative energy.
 L - a ring of wizardry
Wands
 j - a wand of mindburst (13)
 C - a wand of digging (7)
 D - a wand of iceblast (11)
 K - a wand of acid (10)
Scrolls
 a - 4 scrolls of teleportation {unknown}
 b - a scroll of summoning
 h - 2 scrolls of holy word {unknown}
 i - a scroll of silence {unknown}
 k - 3 scrolls of noise {unknown}
 n - a scroll of magic mapping {unknown}
 p - 4 scrolls of amnesia
 r - 5 scrolls of torment
 x - a scroll of brand weapon {unknown}
 y - a scroll of enchant weapon {unknown}
 z - 3 scrolls of immolation {unknown}
 E - a scroll of enchant armour {unknown}
 H - a scroll of blinking {unknown}
 M - 2 scrolls of identify
Potions
 d - 2 potions of might
 f - 3 potions of heal wounds
 o - 2 potions of flight
 q - a potion of mutation
 s - 2 potions of invisibility
 t - 9 potions of curing
 v - 2 potions of ambrosia
 w - 4 potions of berserk rage
 J - a potion of magic
 N - a potion of brilliance {unknown}


   Skills:
 - Level 2.1 Fighting
 + Level 14.4 Maces & Flails
 - Level 2.1 Shields


You had 10 spell levels left.
You didn't know any spells.
Your spell library contained the following spells:

 Spells                   Type           Power      Damage    Failure   Level
 Corona                   Hex            0%         N/A       93%         1
 Shock                    Conj/Air       0%         1d3       93%         1
 Blink                    Tloc           N/A        N/A       98%         2
 Passwall                 Tmut/Erth      0%         N/A       98%         2
 Sublimation of Blood     Necr           0%         N/A       98%         2
 Wereblood                Tmut           0%         N/A       98%         2
 Portal Projectile        Hex/Tloc       0%         N/A       100%        3
 Swiftness                Air            0%         N/A       100%        3
 Airstrike                Air            0%         N/A       100%        4
 Petrify                  Tmut/Erth      0%         N/A       100%        4
 Blade Hands              Tmut           0%         N/A       100%        5
 Borgnjor's Vile Clutch   Necr/Erth      0%         N/A       100%        5
 Excruciating Wounds      Necr           0%         N/A       100%        5
 Manifold Assault         Tloc           0%         N/A       100%        5
 Metabolic Englaciation   Hex/Ice        0%         N/A       100%        5
 Invisibility             Hex            0%         N/A       100%        6
 Statue Form              Tmut/Erth      0%         N/A       100%        6
 Storm Form               Tmut/Air       0%         N/A       100%        7
 Summon Hydra             Summ           0%         N/A       100%        7


Dungeon Overview and Level Annotations

Branches:
Dungeon (11/15)            Temple (1/1) D:7            Lair (0/6) D:10
    Orc (0/2) D:9         Ossuary (visited)

Altars:
Ashenzari
Cheibriados
Dithmenos
Elyvilon
Fedhas
Gozag
Hepliaklqana
Kikubaaqudgha
Makhleb
Nemelex Xobeh
Okawaru
Qazlal
Ru
Sif Muna
Trog
Uskayaw
Vehumet
Wu Jian
Xom
Yredelemnul
Zin
The Shining One

Shops:
D:5 (   D:9 (

Annotations:
D:5 1 runed translucent door
D:8 2 transporters


Innate Abilities, Weirdness & Mutations

You are too large for most types of armour.
You have claws for hands.
Your natural rate of healing is unusually fast.
You are covered in fur. (AC +1)
You have tough skin. (AC +1)
You cannot train Dodging skill.
You are somewhat unskilled. (-1 Apt)
You are dopey. (Int -2)
You are occasionally teleported next to monsters.
Potions are less effective at restoring your health.


Message History

The vampire mosquito bites you but does no damage.
You redirect the vampire mosquito's attack!
The vampire mosquito bites itself!
The vampire mosquito is destroyed!
No target in view!
No target in view!
No target in view!
You start resting.
HP restored.
You fly downwards.
The gargoyle hurls a stone arrow at you.
The stone arrow hits you!
You focus your inner power and blind the gargoyle in retribution!
There is a stone staircase leading up, spattered with blood here.
The gargoyle hits you with a +0 dire flail.
You fly upwards.
There is a stone staircase leading down, spattered with blood here.
You hit the gargoyle but do no damage.
Your weapon exudes an aura of protection.
The gargoyle hits you with a +0 dire flail!
You closely miss the gargoyle.
The gargoyle is stunned by your conviction and fails to attack.
You hit the gargoyle but do no damage.
The gargoyle hits you with a +0 dire flail!!
You hit the gargoyle but do no damage.
The gargoyle hurls a stone arrow at you.
The stone arrow hits you!!
* * * LOW HITPOINT WARNING * * *
You are too injured to fight recklessly!
You are too injured to fight recklessly!
You are too injured to fight recklessly!
The gargoyle hurls a stone arrow at you.
You block the stone arrow.
The gargoyle hurls a stone arrow at you.
The stone arrow hits you!
* * * LOW HITPOINT WARNING * * *
The gargoyle is no longer blind.
The gargoyle hurls a stone arrow at you.
The stone arrow hits you!!
You die...

##.#.#.####### #.#
#............# ######.#
#..#.#.#####.# #.......
#.#..(## #.###.####.#
#.##.#######.#.....<...
#.##...........#.####..
#.##########...#.# #..
#.# #.........#.# #..
#.# #@#####.#.#.# #..
#.# #.# #.#.#.# #.# #.#
#.# #.#.#.# #.#
#.####.#####.#.#.####.#
#.....9......#.#..<....
######.#######.######.#
#†# #.# #.# #.# #.# #.#
#.# #.# #.#


You could see a gargoyle.

Vanquished Creatures
  A boulder beetle (D:9)
  Erica (D:10)
  A two-headed ogre (D:9)
  2 trolls (D:10)
  Prince Ribbit (D:4)
  A slime creature (D:6)
  3 wyverns
  12 yaks
  3 steam dragons
  2 vampire mosquitoes (D:10)
  2 wargs
  2 acid dragons
  Edmund (D:5)
  Duvessa (D:7)
  2 orc warriors
  A sky beast (D:6)
  4 black bears
  A necrophage (D:5)
  4 centaurs
  A phantom (D:4)
  2 kobold brigands
  A gnoll sergeant (D:10)
  A bullfrog (D:8)
  A scorpion (D:4)
  Dowan (D:7)
  6 killer bees (D:7)
  13 wights
  2 howler monkeys
  A bullfrog zombie (D:6)
  9 jellies
  A centaur zombie (Ossuary)
  2 hounds (D:6)
  2 human zombies (Ossuary)
  9 orc priests
  Crazy Yiuf (D:7)
  2 centaur skeletons
  Jessica (D:2)
  9 orc wizards
  5 iguanas
  A howler monkey skeleton (D:4)
  2 howler monkey zombies
  3 mummies
  4 gnolls (D:10)
  4 adders
  2 white imps
  3 adder zombies (Ossuary)
  5 worms
  The ghost of flotson the Sneak, a weakling DsDe (D:5)
  3 dart slugs
  25 orcs
  6 ball pythons
  9 endoplasms
  5 giant cockroaches
  2 goblins
  3 hobgoblins
  7 jackals
  24 kobolds
  4 quokkas
  6 bats
  5 frilled lizards
  2 goblin zombies (Ossuary)
  14 hobgoblin zombies
  A jackal zombie (Ossuary)
  6 kobold zombies (Ossuary)
  9 orc zombies
  7 rats
  A rat zombie (Ossuary)
279 creatures vanquished.

Vanquished Creatures (others)
  A wyvern (D:9)
  A yak (D:10)
  A vampire mosquito (D:10)
  A centaur (D:9)
  A scorpion (D:10)
  An orc (D:8)
  A quokka (D:7)
  18 fungi
  7 plants (D:10)
  6 toadstools (D:5)
38 creatures vanquished.

Grand Total: 317 creatures vanquished

Notes
Turn   | Place    | Note
-------+----------+-------------------------------------------
     0 | D:1      | siradein the Troll Fighter began the quest for the Orb.
     0 | D:1      | Reached XP level 1. HP: 22/22 MP: 0/0
    21 | D:1      | Reached skill level 2 in Maces & Flails
   155 | D:1      | Found a faded altar of an unknown god.
   171 | D:1      | Reached XP level 2. HP: 24/29 MP: 1/1
   315 | D:1      | Found a blossoming altar of Fedhas.
   708 | D:1      | Reached skill level 3 in Maces & Flails
   832 | D:1      | Reached XP level 3. HP: 23/36 MP: 2/2
  1531 | D:2      | Noticed Jessica
  1538 | D:2      | Killed Jessica
  1539 | D:2      | Reached skill level 4 in Maces & Flails
  1539 | D:2      | Reached XP level 4. HP: 36/44 MP: 3/3
  2470 | D:4      | Noticed a centaur
  2487 | D:4      | Killed a centaur
  2488 | D:4      | Reached skill level 5 in Maces & Flails
  2488 | D:4      | Reached XP level 5. HP: 31/50 MP: 4/4
  2820 | D:4      | Noticed a phantom
  2841 | D:4      | Killed a phantom
  2842 | D:4      | Reached skill level 6 in Maces & Flails
  2842 | D:4      | Reached XP level 6. HP: 40/59 MP: 5/5
  3329 | D:5      | Entered Level 5 of the Dungeon
  3362 | D:5      | Found a runed translucent door.
  3364 | D:5      | Noticed flotson's ghost (weakling DsDe)
  3378 | D:5      | Found Bothock's Antique Weapon Shoppe.
  3516 | D:5      | Reached skill level 7 in Maces & Flails
  3516 | D:5      | Reached XP level 7. HP: 59/66 MP: 6/6
  3600 | D:5      | Noticed Prince Ribbit
  3643 | D:5      | Found a sand-covered staircase.
  3667 | Ossuary  | Entered an ossuary
  3853 | Ossuary  | Reached skill level 8 in Maces & Flails
  4089 | D:5      | Found a runed translucent door.
  4294 | D:5      | Noticed a slime creature
  4541 | D:5      | Got the Handbook of Fetching Necromancy
  4689 | D:5      | Noticed Edmund
  4734 | D:5      | Killed Edmund
  4735 | D:5      | Reached XP level 8. HP: 38/74 MP: 7/7
  4859 | D:5      | Reached skill level 9 in Maces & Flails
  5274 | D:6      | Reached skill level 10 in Maces & Flails
  5401 | D:6      | Killed a slime creature
  5416 | D:6      | Reached XP level 9. HP: 65/80 MP: 8/8
  5524 | D:6      | Reached skill level 11 in Maces & Flails
  5888 | D:7      | Found a staircase to the Ecumenical Temple.
  5911 | D:7      | Noticed Duvessa
  5912 | D:7      | Noticed Dowan
  5928 | Temple   | Entered the Ecumenical Temple
  6231 | Temple   | Became a worshipper of Ru the Awakened
  6268 | D:7      | Killed Duvessa
  6274 | D:7      | Killed Dowan
  6381 | D:7      | Found a white marble altar of Elyvilon.
  6606 | D:7      | Reached skill level 12 in Maces & Flails
  7083 | D:7      | Found a runed translucent door.
  7084 | D:7      | Noticed Crazy Yiuf
  7090 | D:7      | Killed Crazy Yiuf
  7141 | D:8      | Gained mutation: You are somewhat unskilled. (-1 Apt) [Ru
                  | sacrifice]
  7141 | D:8      | Reduced skill Maces & Flails to level 11
  7141 | D:8      | Reached * piety under Ru
  7244 | D:8      | Identified the ring "Demaogis" {rN+ Int+6}
  7305 | D:8      | Found a transporter.
  7624 | D:8      | Found a transporter.
  7624 | D:8      | Noticed a boulder beetle
  8075 | D:5      | Killed flotson's ghost
  8100 | D:4      | Killed Prince Ribbit
  8253 | D:9      | Reached skill level 12 in Maces & Flails
  8253 | D:9      | Reached XP level 10. HP: 62/87 MP: 9/9
  8491 | D:9      | Gained mutation: Potions are less effective at restoring
                  | your health. [potion of mutation]
  8491 | D:9      | Gained mutation: You are dopey. (Int -2) [potion of
                  | mutation]
  8491 | D:9      | Gained mutation: You are occasionally teleported next to
                  | monsters. [potion of mutation]
  8711 | D:9      | Noticed a two-headed ogre
  8718 | D:9      | Found a staircase to the Orcish Mines.
  8868 | D:9      | Noticed an eight-headed hydra
  9047 | D:9      | Found Sitte's Weapon Shop.
  9094 | D:9      | Killed a two-headed ogre
  9095 | D:9      | Reached skill level 13 in Maces & Flails
  9342 | D:9      | Gained mutation: You cannot train Dodging skill. [Ru
                  | sacrifice]
  9342 | D:9      | Reached ** piety under Ru
  9469 | D:9      | Noticed a boulder beetle
  9566 | D:9      | Killed a boulder beetle
  9718 | D:10     | Entered Level 10 of the Dungeon
  9763 | D:10     | Noticed Erica
  9775 | D:10     | Killed Erica
  9776 | D:10     | Reached XP level 11. HP: 83/93 MP: 10/10
  9804 | D:10     | Reached skill level 14 in Maces & Flails
 10383 | D:10     | Found a staircase to the Lair.
 10660 | D:10     | Killed from afar by a gargoyle

Illustrated notes

Levels and vault maps discovered:
D:1:      dpeg_arrival_stonehenge_12_columns, layout_loops_ring,
          shapermc_ecumenical_altar_totnotflames, kennysheep_flooded_box,
          bh_walls_and_bars
D:2:      layout_loops_corners, corexii_corridor_pit, grunt_ministairs_12,
          st_stairs_13, chequers_serial_rivers_micro_a, uniq_jessica
D:3:      layout_basic, hangedman_decor_points, chequers_arboretum
D:4:      layout_basic, hangedman_decor_slide_cut
D:5:      cheibrodos_fertilizer, layout_loops_cross, ebering_ghost_sewer_f,
          nicolae_ossuary_entry_giza, serial_shops, shop, uniq_edmund,
          uniq_prince_ribbit1
D:6:      layout_loops_ring
D:7:      layout_cave_pods, elyvilon_altar_4, minmay_temple_entry_arrows,
          uniq_crazy_yiuf_cottage, uniq_duvessa
D:8:      gammafunk_boulding_lane, layout_basic
D:9:      layout_long_grid, erik_orc_4, serial_shops, shop_coins,
          lightli_fourway_metalbox
D:10:     layout_loops_ring, grunt_lair_entry_orc_guard_hut, uniq_erica
D:11:     layout_rooms, fedhas_bush_and_centaur_altar, uniq_sonja
Temple:   compressed_dpeg_triangle_lava_temple

Skill      XL: |  1  2  3  4  5  6  7  8  9 10 11 |
---------------+----------------------------------+-----
Maces & Flails | 2 3 4 5 6 7 8 10 12 13 14 | 14.4
Dodging        | 0 |  0.0
Fighting       | |  2.1
Shields        | |  2.1

Action                   |  1- 3 |  4- 6 |  7- 9 | 10-12 || total
-------------------------+-------+-------+-------+-------++-------
Melee: Flail             |    21 |       |   275 |   381 ||   677
       Whip              |   134 |    20 |   163 |       ||   317
       Club              |       |   131 |   128 |       ||   259
Invok: Sacrifice Skill   |       |       |     1 |       ||     1
       Sacrifice Nimblen |       |       |       |     1 ||     1
  Use: Potion            |       |       |     1 |     2 ||     3
       Scroll            |       |       |       |     8 ||     8
 Stab: Sleeping          |     1 |     3 |       |       ||     4
       Distracted        |       |       |     2 |     1 ||     3
Armor: Robe              |    68 |    35 |   105 |       ||   208
       Steam dragon scal |       |       |   104 |    73 ||   177
       Acid dragon scale |       |       |       |    93 ||    93
       Troll leather arm |       |       |       |     8 ||     8
Dodge: Dodged            |    60 |    51 |   189 |   142 ||   442
Block: Kite shield       |    77 |    69 |   275 |   174 ||   595

Table legend: (Time is in decaauts)
 A = Elapsed time spent in this place.
 B = Non-inter-level travel time spent in this place.
 C = Inter-level travel time spent in this place.
 D = Time resting spent in this place.
 E = Time spent auto-exploring this place.
 F = Levels seen in this place.
 G = Mean time per level.
                   A        B        C        D        E       F      G
               +--------+--------+--------+--------+--------+-----+--------+
         Total |  10754 |  10259 |    495 |    186 |   6915 |  13 |  827.2 |
       Dungeon |  10160 |   9665 |    495 |    186 |   6557 |  11 |  923.6 |
        Temple |    323 |    323 |      0 |      0 |    264 |   1 |  323.0 |
       Ossuary |    270 |    270 |      0 |      0 |     94 |   1 |  270.0 |
               +--------+--------+--------+--------+--------+-----+--------+

Top non-repeatable levels by time:
     D:5: 1364 daAuts
     D:9: 1283 daAuts
     D:4: 1166 daAuts
     D:8: 1110 daAuts
     D:7: 1071 daAuts
    D:10: 922 daAuts
     D:2: 919 daAuts
     D:1: 865 daAuts
     D:6: 847 daAuts
     D:3: 599 daAuts
  Temple: 323 daAuts
 Ossuary: 270 daAuts
    D:11: 9 daAuts
